[ AOE2 MATCH · #505197130 ]
UnrankedJapanese vs Chinese
Player's team · LOSS
Rival team · WIN
[ REPLAY ANALYSIS · EXTRACTED FROM THE RECORDED GAME ]
Feudal
12:40
Castle
21:36
Imperial
—
| APM avg | 76.9 |
| APM peak | 147 |
| eAPM avg | 22.7 |
| Villagers / military | 57 / 43 |
Focus
⚔️ 33.7% · 🌾 66.3%
Archer ×25 · Scout Cavalry ×9 · Knight ×4 · Militia ×3 · Mangonel ×1 · Spearman ×1
Feudal
8:28
Castle
21:58
Imperial
—
| APM avg | 63.4 |
| APM peak | 88 |
| eAPM avg | 31.3 |
| Villagers / military | 91 / 57 |
Focus
⚔️ 43.2% · 🌾 56.8%
Archer ×50 · Scout Cavalry ×3 · Monk ×2 · Spearman ×2
Match map
Initial resources + every placement click. Lines = walls · curves = elevation contours. ◆ gold · ⬟ stone · ● berries · ✦ relic · ◌ wall gap
Your base· Open — opponent sealed themselves in
m4rco's base· ✓ Closed at 21:58 · 80t walls · 1 gate(s)
Smoothed initial terrain · ◌ = detected wall gap · hover for details
Inputs per minute
— PomPom - - m4rco
Build order — PomPom
First 150 of 187 actions detected
| 0:00 | Create | Villager (Male) |
| 0:00 | Create | Villager (Male) |
| 0:01 | Build | House |
| 0:02 | Build | House |
| 0:08 | Create | Villager (Male) |
| 0:08 | Create | Villager (Male) |
| 1:26 | Create | Villager (Male) |
| 1:58 | Create | Villager (Male) |
| 1:58 | Create | Villager (Male) |
| 2:12 | Create | Villager (Male) |
| 2:38 | Build | Lumber Camp |
| 2:44 | Create | Villager (Male) |
| 3:14 | Create | Villager (Male) |
| 3:29 | Create | Villager (Male) |
| 3:34 | Build | House |
| 3:48 | Create | Villager (Male) |
| 4:17 | Create | Villager (Male) |
| 4:27 | Build | Barracks |
| 4:52 | Create | Villager (Male) |
| 5:08 | Build | House |
| 5:18 | Create | Villager (Male) |
| 5:28 | Build | Mill |
| 5:34 | Create | Militia |
| 5:37 | Build | Palisade Wall |
| 5:47 | Create | Villager (Male) |
| 5:55 | Create | Militia |
| 5:56 | Create | Militia |
| 6:00 | Build | House |
| 6:03 | Build | House |
| 6:08 | Create | Villager (Male) |
| 6:24 | Create | Villager (Male) |
| 6:32 | Build | House |
| 6:38 | Build | Palisade Wall |
| 7:09 | Create | Villager (Male) |
| 7:23 | Create | Villager (Male) |
| 7:37 | Create | Villager (Male) |
| 8:09 | Create | Villager (Male) |
| 8:14 | Build | Mining Camp |
| 8:18 | Build | Farm |
| 8:19 | Build | Farm |
| 8:22 | Create | Villager (Male) |
| 9:01 | Build | Farm |
| 9:05 | Research | Loom |
| 9:05 | Research | Loom |
| 9:32 | Create | Villager (Male) |
| 9:33 | Create | Villager (Male) |
| 9:57 | Build | Farm |
| 10:29 | Build | Farm |
| 10:30 | Research | Feudal Age |
| 10:49 | Build | Farm |
| 11:01 | Build | House |
| 11:29 | Create | Villager (Male) |
| 11:36 | Build | Farm |
| 11:53 | Build | Farm |
| 12:40 | Age | Feudal Age |
| 12:40 | Research | Man-at-Arms (upgrade) |
| 12:41 | Research | Man-at-Arms (upgrade) |
| 12:41 | Research | Double-Bit Axe |
| 12:44 | Create | Villager (Male) |
| 12:46 | Build | Blacksmith |
| 12:59 | Create | Villager (Male) |
| 13:18 | Build | Stable |
| 13:19 | Build | Farm |
| 13:25 | Build | Farm |
| 13:28 | Build | Farm |
| 13:42 | Create | Villager (Male) |
| 13:54 | Build | Farm |
| 13:56 | Build | Farm |
| 13:57 | Build | Farm |
| 14:06 | Build | Palisade Wall |
| 14:11 | Create | Villager (Male) |
| 14:22 | Create | Scout Cavalry |
| 14:22 | Create | Scout Cavalry |
| 14:23 | Create | Scout Cavalry |
| 14:44 | Create | Scout Cavalry |
| 14:45 | Create | Villager (Male) |
| 14:46 | Create | Villager (Male) |
| 14:50 | Build | Stable |
| 14:59 | Build | Lumber Camp |
| 15:06 | Build | Palisade Wall |
| 15:12 | Create | Villager (Male) |
| 15:25 | Build | Farm |
| 15:27 | Research | Horse Collar |
| 15:27 | Research | Horse Collar |
| 15:45 | Create | Villager (Male) |
| 15:49 | Build | House |
| 15:50 | Build | House |
| 16:06 | Build | Farm |
| 16:07 | Create | Villager (Male) |
| 16:29 | Create | Villager (Male) |
| 16:31 | Research | Wheelbarrow |
| 16:31 | Research | Wheelbarrow |
| 16:34 | Build | Farm |
| 16:37 | Build | Farm |
| 16:58 | Build | Farm |
| 17:00 | Build | Farm |
| 17:17 | Research | Bloodlines |
| 17:20 | Create | Villager (Male) |
| 17:20 | Create | Villager (Male) |
| 17:23 | Build | Farm |
| 17:55 | Build | Blacksmith |
| 18:07 | Build | Farm |
| 18:40 | Build | Farm |
| 18:56 | Research | Castle Age |
| 19:00 | Build | Palisade Wall |
| 19:03 | Create | Spearman |
| 19:13 | Create | Scout Cavalry |
| 19:14 | Create | Scout Cavalry |
| 19:22 | Build | Farm |
| 19:24 | Build | Farm |
| 19:40 | Create | Scout Cavalry ×3 |
| 19:51 | Build | Archery Range |
| 20:13 | Build | Archery Range |
| 20:28 | Research | Fletching |
| 20:28 | Research | Fletching |
| 20:33 | Build | Palisade Wall |
| 20:34 | Build | Palisade Wall |
| 20:37 | Build | House |
| 20:53 | Create | Archer |
| 20:54 | Create | Archer |
| 21:02 | Create | Archer |
| 21:02 | Create | Archer |
| 21:13 | Research | Gold Mining |
| 21:22 | Build | House |
| 21:26 | Build | Palisade Wall |
| 21:32 | Build | House |
| 21:33 | Build | Palisade Wall |
| 21:35 | Build | House |
| 21:36 | Age | Castle Age |
| 21:45 | Create | Knight |
| 21:45 | Create | Knight |
| 21:52 | Build | House |
| 21:57 | Create | Knight |
| 21:57 | Create | Knight |
| 22:03 | Build | House |
| 22:05 | Build | Palisade Wall |
| 22:09 | Build | Farm |
| 22:19 | Build | Farm |
| 22:20 | Build | Farm |
| 22:49 | Build | Farm |
| 23:17 | Create | Villager (Male) |
| 23:18 | Create | Villager (Male) |
| 23:18 | Create | Villager (Male) |
| 23:27 | Create | Archer ×3 |
| 23:27 | Create | Archer ×3 |
| 23:37 | Create | Archer ×3 |
| 23:44 | Create | Villager (Male) |
| 23:58 | Research | Crossbowman (upgrade) |
| 23:59 | Research | Crossbowman (upgrade) |
| 24:02 | Research | Bodkin Arrow |
Build order — m4rco
First 150 of 281 actions detected
| 0:04 | Research | Loom |
| 0:48 | Create | Villager (Male) |
| 1:16 | Create | Villager (Male) |
| 1:40 | Create | Villager (Male) |
| 1:40 | Create | Villager (Male) |
| 2:05 | Create | Villager (Male) |
| 2:06 | Create | Villager (Male) |
| 2:13 | Build | Lumber Camp |
| 2:28 | Create | Villager (Male) |
| 2:46 | Create | Villager (Male) |
| 3:09 | Create | Villager (Male) |
| 3:11 | Build | House |
| 3:28 | Create | Villager (Male) |
| 3:28 | Create | Villager (Male) |
| 3:46 | Create | Villager (Male) |
| 4:04 | Create | Villager (Male) |
| 4:21 | Create | Villager (Male) |
| 4:54 | Create | Villager (Male) |
| 5:08 | Build | Mill |
| 5:32 | Create | Villager (Male) |
| 6:18 | Research | Feudal Age |
| 6:18 | Research | Feudal Age |
| 6:36 | Build | Lumber Camp |
| 7:02 | Build | Palisade Wall |
| 7:16 | Build | Palisade Wall |
| 7:19 | Build | Palisade Wall |
| 7:27 | Create | Villager (Male) |
| 7:29 | Build | Farm |
| 7:36 | Build | Palisade Wall |
| 7:39 | Build | Palisade Wall |
| 7:41 | Build | Palisade Wall |
| 7:46 | Create | Villager (Male) |
| 7:56 | Build | House |
| 8:12 | Build | Palisade Wall |
| 8:20 | Create | Villager (Male) |
| 8:26 | Build | Palisade Wall |
| 8:28 | Age | Feudal Age |
| 8:28 | Build | House |
| 8:32 | Build | Palisade Wall |
| 8:37 | Create | Villager (Male) |
| 8:40 | Build | Barracks |
| 8:50 | Build | Palisade Wall |
| 8:52 | Build | Palisade Wall |
| 8:58 | Build | Farm |
| 9:06 | Build | Palisade Wall |
| 9:10 | Build | Palisade Wall |
| 9:14 | Build | House |
| 9:17 | Build | House |
| 9:22 | Create | Villager (Male) |
| 9:31 | Research | Double-Bit Axe |
| 9:41 | Build | Palisade Wall |
| 9:43 | Build | Palisade Wall |
| 9:53 | Create | Villager (Male) |
| 9:55 | Build | Palisade Wall |
| 9:59 | Build | Palisade Wall |
| 10:09 | Build | Archery Range |
| 10:21 | Create | Villager (Male) |
| 10:22 | Build | Farm |
| 10:24 | Build | Farm |
| 10:54 | Create | Archer |
| 10:55 | Create | Villager (Male) |
| 10:58 | Build | Mining Camp |
| 11:00 | Build | Farm |
| 11:11 | Build | Palisade Wall |
| 11:21 | Build | Palisade Wall |
| 11:22 | Create | Villager (Male) |
| 11:30 | Create | Villager (Male) |
| 11:39 | Build | Palisade Wall |
| 11:41 | Build | Palisade Wall |
| 11:44 | Build | Palisade Wall |
| 11:50 | Create | Villager (Male) |
| 11:52 | Build | Farm |
| 11:57 | Create | Villager (Male) |
| 12:04 | Build | Farm |
| 12:05 | Build | Farm |
| 12:06 | Build | Farm |
| 12:13 | Create | Villager (Male) |
| 12:15 | Build | Farm |
| 12:33 | Build | House |
| 12:35 | Build | House |
| 12:36 | Build | Palisade Wall |
| 12:38 | Create | Villager (Male) |
| 12:41 | Build | Farm |
| 12:42 | Build | Farm |
| 12:44 | Create | Archer |
| 13:00 | Create | Villager (Male) |
| 13:08 | Create | Archer |
| 13:15 | Create | Villager (Male) |
| 13:27 | Build | Blacksmith |
| 13:42 | Create | Villager (Male) |
| 13:55 | Build | Farm |
| 13:56 | Build | Farm |
| 13:57 | Create | Archer |
| 14:01 | Create | Villager (Male) |
| 14:06 | Build | Palisade Wall |
| 14:22 | Create | Villager (Male) |
| 14:24 | Create | Archer |
| 14:42 | Build | Farm |
| 14:54 | Create | Villager (Male) |
| 14:57 | Build | Palisade Wall |
| 15:08 | Research | Fletching |
| 15:12 | Create | Villager (Male) |
| 15:15 | Build | Stable |
| 15:19 | Build | Palisade Wall |
| 15:24 | Create | Archer |
| 15:37 | Create | Villager (Male) |
| 15:38 | Build | Farm |
| 15:40 | Build | Farm |
| 15:42 | Build | Farm |
| 15:56 | Create | Villager (Male) |
| 15:57 | Create | Archer |
| 16:09 | Create | Scout Cavalry |
| 16:14 | Create | Spearman |
| 16:14 | Create | Villager (Male) |
| 16:22 | Build | Palisade Wall |
| 16:26 | Build | Palisade Wall |
| 16:28 | Create | Villager (Male) |
| 16:31 | Build | House |
| 16:37 | Create | Scout Cavalry |
| 16:47 | Research | Wheelbarrow |
| 16:56 | Create | Villager (Male) |
| 17:00 | Create | Spearman |
| 17:04 | Create | Scout Cavalry |
| 17:05 | Create | Archer |
| 17:06 | Create | Villager (Male) |
| 17:10 | Build | Farm |
| 17:19 | Build | Palisade Wall |
| 17:22 | Create | Villager (Male) |
| 17:35 | Build | Palisade Wall |
| 17:35 | Build | Palisade Wall |
| 17:42 | Create | Villager (Male) |
| 17:46 | Create | Archer |
| 17:55 | Build | Farm |
| 18:12 | Create | Villager (Male) |
| 18:13 | Create | Archer |
| 18:23 | Create | Archer |
| 18:39 | Create | Villager (Male) |
| 18:43 | Build | Palisade Wall |
| 18:55 | Create | Villager (Male) |
| 19:03 | Research | Castle Age |
| 19:19 | Create | Archer |
| 19:27 | Build | Archery Range |
| 19:34 | Create | Villager (Male) |
| 19:38 | Build | House |
| 19:41 | Build | House |
| 19:41 | Build | House |
| 19:43 | Create | Archer |
| 19:53 | Build | House |
| 20:03 | Build | Palisade Gate |
| 20:11 | Create | Villager (Male) |
Match timeline
| 4:27 | PomPom · first_building Barracks |
| 5:37 | PomPom · wall_segment Palisade Wall x6 |
| 6:38 | PomPom · wall_segment Palisade Wall x6 |
| 7:02 | m4rco · wall_segment Palisade Wall x1 |
| 7:16 | m4rco · wall_segment Palisade Wall x1 |
| 7:19 | m4rco · wall_segment Palisade Wall x1 |
| 7:36 | m4rco · wall_segment Palisade Wall x1 |
| 7:39 | m4rco · wall_segment Palisade Wall x1 |
| 7:41 | m4rco · wall_segment Palisade Wall x1 |
| 8:12 | m4rco · wall_segment Palisade Wall x1 |
| 8:26 | m4rco · wall_segment Palisade Wall x1 |
| 8:28 | m4rco · age_up feudal |
| 8:32 | m4rco · wall_segment Palisade Wall x1 |
| 8:40 | m4rco · first_building Barracks |
| 8:50 | m4rco · wall_segment Palisade Wall x1 |
| 8:52 | m4rco · wall_segment Palisade Wall x1 |
| 9:06 | m4rco · wall_segment Palisade Wall x1 |
| 9:10 | m4rco · wall_segment Palisade Wall x1 |
| 9:41 | m4rco · wall_segment Palisade Wall x1 |
| 9:43 | m4rco · wall_segment Palisade Wall x1 |
| 9:55 | m4rco · wall_segment Palisade Wall x1 |
| 9:59 | m4rco · wall_segment Palisade Wall x1 |
| 10:09 | m4rco · first_building Archery Range |
| 11:11 | m4rco · wall_segment Palisade Wall x1 |
| 11:21 | m4rco · wall_segment Palisade Wall x1 |
| 11:39 | m4rco · wall_segment Palisade Wall x1 |
| 11:41 | m4rco · wall_segment Palisade Wall x1 |
| 11:44 | m4rco · wall_segment Palisade Wall x1 |
| 12:36 | m4rco · wall_segment Palisade Wall x10 |
| 12:40 | PomPom · age_up feudal |
| 13:18 | PomPom · first_building Stable |
| 14:06 | m4rco · wall_segment Palisade Wall x10 |
| 14:06 | PomPom · wall_segment Palisade Wall x6 |
| 14:57 | m4rco · wall_segment Palisade Wall x1 |
| 15:06 | PomPom · wall_segment Palisade Wall x8 |
| 15:15 | m4rco · first_building Stable |
| 15:19 | m4rco · wall_segment Palisade Wall x9 |
| 16:22 | m4rco · wall_segment Palisade Wall x8 |
| 16:26 | m4rco · wall_segment Palisade Wall x10 |
| 17:19 | m4rco · wall_segment Palisade Wall x7 |
| 17:35 | m4rco · wall_segment Palisade Wall x5 |
| 17:35 | m4rco · wall_segment Palisade Wall x2 |
| 18:43 | m4rco · wall_segment Palisade Wall x1 |
| 19:00 | PomPom · wall_segment Palisade Wall x4 |
| 19:51 | PomPom · first_building Archery Range |
| 20:33 | PomPom · wall_segment Palisade Wall x4 |
| 20:34 | PomPom · wall_segment Palisade Wall x5 |
| 21:26 | PomPom · wall_segment Palisade Wall x7 |
| 21:33 | PomPom · wall_segment Palisade Wall x1 |
| 21:36 | PomPom · age_up castle |
| 21:58 | m4rco · age_up castle |
| 22:05 | PomPom · wall_segment Palisade Wall x2 |
| 24:51 | m4rco · first_market_sell 100 food |
| 25:11 | m4rco · first_building Monastery |
| 28:31 | PomPom · first_building Siege Workshop |
| 28:52 | m4rco · first_market_buy 100 food |
| 29:44 | PomPom · resign |
[ AI ANALYSIS · 1 CREDIT ]
What really happened in this match?
Wolo.gg analyzes every decision: build order, eco, micro, common mistakes by bracket. Personalized analysis on WhatsApp or Discord in 30 seconds.
Civ guide
Japanese
Perfil
Jugador #455708